 Dungeon Crawl Stone Soup version 0.29.1-14-g9c671dbff4 (webtiles) character file.

Game seed: 4215403700369361196

95 zeram the Shield-Bearer (level 4, 0/44 HPs)
             Began as a Troll Fighter on Feb 10, 2023.
             Slain by an iguana (11 damage)
             ... on level 4 of the Dungeon on Feb 19, 2023.
             The game lasted 00:04:35 (2038 turns).

zeram the Shield-Bearer (Troll Fighter)             Turns: 2038, Time: 00:04:36

Health: 0/44       AC:  4    Str: 24    XL:     4   Next: 40%
Magic:  3/3        EV:  8    Int:  6    God:
Gold:   233        SH:  7    Dex:  9    Spells: 3/3 levels left

rFire   . . .      SeeInvis .   a - +1 flail
rCold   . . .      Faith    .   c - +0 kite shield
rNeg    . . .      Spirit   .   b - +0 robe
rPois   .          Reflect  .   (helmet restricted)
rElec   .          Harm     .   (no cloak)
rCorr   .          Rampage  .   (gloves unavailable)
Will    .....                   (boots unavailable)
Stlth   +.........              (no amulet)
HPRegen 0.94/turn               (no ring)
MPRegen 0.08/turn               (no ring)

@: no status effects
A: large, unfitting armour, claws 3, regeneration 1, shaggy fur 1, tough skin 1
a: no special abilities


You were on level 4 of the Dungeon.
You visited 1 branch of the dungeon, and saw 4 of its levels.

You collected 233 gold pieces.

Inventory:

Hand Weapons
 a - a +1 flail (weapon)
Armour
 b - a +0 robe (worn)
 c - a +0 kite shield (worn)
Scrolls
 e - a scroll of teleportation
 h - a scroll of butterflies {unknown}
 m - a scroll of fear
Potions
 d - a potion of might
 f - a potion of invisibility
 g - 2 potions of heal wounds
 j - a potion of magic
 l - a potion of attraction {unknown}
 n - a potion of flight {unknown}
 o - a potion of haste {unknown}
 p - a potion of degeneration {unknown}


   Skills:
 + Level 2.8 Fighting
 + Level 2.7 Maces & Flails
 + Level 3.0 Dodging
 + Level 0.1 Stealth
 + Level 3.3 Shields


You had 3 spell levels left.
You didn't know any spells.
Your spell library contained the following spells:

 Spells                   Type           Power      Damage    Failure   Level
 Ignite Poison            Fire/Tmut/Pois 0%         N/A       98%         3
 Mephitic Cloud           Conj/Pois/Air  0%         N/A       98%         3
 Freezing Cloud           Conj/Ice/Air   0%         6-21      100%        5


Dungeon Overview and Level Annotations

Branches:
Dungeon (4/15)
 Temple: D:4-7

Altars:

Shops:
D:2 (   D:3 (   D:4 (=:


Innate Abilities, Weirdness & Mutations

You are too large for most types of armour.
You have claws for hands.
Your natural rate of healing is unusually fast.
You are covered in fur. (AC +1)
You have tough skin. (AC +1)


Message History

You kill the gnoll!
You block the gnoll's attack.
You hit the iguana.
The iguana is lightly wounded.
You block the iguana's attack.
The gnoll splashes around in the water.
The iguana bites you.
You barely miss the iguana.
The iguana is lightly wounded.
You block the gnoll's attack. The iguana bites you.
The gnoll barely misses you.
You thump the iguana!
The iguana is heavily wounded.
The iguana bites you! The gnoll barely misses you.
You barely miss the iguana.
The iguana is heavily wounded.
The iguana barely misses you. The gnoll closely misses you.
The iguana barely misses you.
You barely miss the iguana.
The iguana is heavily wounded.
The gnoll barely misses you. You block the iguana's attack.
The gnoll hits you from afar with a +0 spear!
You closely miss the iguana.
The iguana is heavily wounded.
The iguana bites you.
The gnoll splashes around in the water.
You hit the iguana but do no damage.
The iguana is heavily wounded.
The iguana bites you!
The gnoll splashes around in the water.
The iguana barely misses you. The gnoll closely misses you.
You hit the iguana.
The iguana is almost dead.
The iguana bites you!
* * * LOW HITPOINT WARNING * * *
The gnoll closely misses you.
You barely miss the iguana.
The iguana is almost dead.
You block the iguana's attack.
The gnoll splashes around in the water.
The iguana attacks as you move away! The iguana barely misses you.
You see here a +0 club.
The iguana attacks as you move away! The iguana bites you!
You die...

.. #.#≈≈≈## ..
#.~≈~≈≈#
..##...∩≈≈# #.
..~~~≈≈#
.###.##)#≈≈≈#####
.................
.###...g#........
#...l#........
#...@#........
#....#?.......
.....#...††......
.#.∩.#....#######
.....#....## .###
#.?...##
####...##
#.#..####
#.##....#####


You could see an iguana and a gnoll.

Vanquished Creatures
  2 gnolls (D:4)
  2 adders
  3 worms
  2 dart slugs
  3 bats
  7 endoplasms
  2 giant cockroaches
  5 goblins
  4 hobgoblins (D:2)
  2 quokkas
  4 ball pythons
  3 frilled lizards
  5 kobolds
  A rat (D:1)
45 creatures vanquished.

Notes
Turn   | Place    | Note
-------+----------+-------------------------------------------
     0 | D:1      | zeram the Troll Fighter began the quest for the Orb.
     0 | D:1      | Reached XP level 1. HP: 22/22 MP: 0/0
   244 | D:1      | Found a faded altar of an unknown god.
   313 | D:1      | Reached XP level 2. HP: 29/29 MP: 1/1
   405 | D:1      | Upgraded the game from 0.29.1-13-g9f3cf754e1 to
                  | 0.29.1-14-g9c671dbff4
   896 | D:2      | Reached XP level 3. HP: 33/36 MP: 2/2
  1029 | D:2      | Found Rowkus's Weapon Boutique.
  1296 | D:3      | Found Uckebonea's Weapon Shop.
  1934 | D:4      | Found Agosm's Book Boutique.
  1946 | D:4      | Reached XP level 4. HP: 28/44 MP: 3/3
  2014 | D:4      | Found Ywoix's Weapon Shop.
  2019 | D:4      | Found Seari's Jewellery Boutique.
  2038 | D:4      | Slain by an iguana

Illustrated notes

Levels and vault maps discovered:
D:1:      giann_forest_graveyard, layout_basic, ebering_ecumenical_altar_mist
D:2:      layout_basic, serial_shops, shop, kennysheep_another_room
D:3:      layout_loops_cross, serial_shops, shop_statue,
          guppyfry_early_lair_pool
D:4:      layout_basic, lemuel_crystal_altar, minmay_temple_entry_waves,
          serial_shops, shop, nicolae_shop_waterfront, nicolae_shop_crystal,
          nicolae_shop_stone, shop, minmay_quadrilaterals, uniq_menkaure

Skill      XL: |  1  2  3  4 |
---------------+-------------+-----
Shields        | 3 |  3.3
Maces & Flails | 2 |  2.7
Dodging        | 3 |  3.0
Fighting       | |  2.8
Stealth        | |  0.1

Action                   |  1- 3 |  4- 6 || total
-------------------------+-------+-------++-------
Melee: Flail             |   120 |    21 ||   141
  Use: Scroll            |     9 |       ||     9
 Stab: Sleeping          |     1 |       ||     1
Armor: Robe              |    60 |     1 ||    61
Dodge: Dodged            |    49 |    14 ||    63
Block: Kite shield       |    35 |    11 ||    46
